 Dungeon Crawl Stone Soup version 0.29.1-12-g30fa7ad0bf (webtiles) character file.

Game seed: 12105771831990037129

19012 wormed the Fighter (level 12, -8/102 HPs)
             Began as a Demonspawn Conjurer on Dec 27, 2022.
             Was a Priest of Vehumet.
             Mangled by a five-headed hydra (10 damage)
             ... on level 2 of the Lair of Beasts.
             The game lasted 00:59:54 (20450 turns).

wormed the Fighter (Demonspawn Conjurer)           Turns: 20450, Time: 00:59:55

Health: -8/102     AC: 15    Str:  7    XL:     12   Next: 32%
Magic:  3/33       EV: 15    Int: 25    God:    Vehumet [***...]
Gold:   333        SH:  0    Dex: 12    Spells: 6/27 levels left

rFire   . . .      SeeInvis .   Q - +10 falchion "Syebbah" {elec, Fragile rElec MP+9}
rCold   + . .      Faith    .   (no shield)
rNeg    . . .      Spirit   .   F - +2 robe {rC+}
rPois   .          Reflect  .   (helmet restricted)
rElec   +          Harm     .   y - +1 cloak
rCorr   .          Rampage  .   R - +0 pair of gloves
Will    .....                   (no boots)
Stlth   ++........              G - amulet of magic regeneration
HPRegen 0.27/turn               s - +4 ring of protection
MPRegen 0.86/turn               N - +4 ring of protection

@: very slightly contaminated, studying Invocations
A: antennae 1, repulsion field 2, demonic guardian 1, magic regeneration
a: Renounce Religion


You were on level 2 of the Lair of Beasts.
You worshipped Vehumet.
Vehumet was most pleased with you.
You visited 3 branches of the dungeon, and saw 12 of its levels.

You collected 531 gold pieces.
You spent 198 gold pieces at shops.

Inventory:

Hand Weapons
 z - a +0 demon whip of venom
 Q - the +10 falchion "Syebbah" (weapon) {elec, Fragile rElec MP+9}
   (You took it off an orc wizard on level 9 of the Dungeon)

   It occasionally discharges a powerful burst of electricity upon striking a
   foe.
   rElec:     It insulates you from electricity.
   MP:        It affects your magic capacity (+9).
   Fragile:   It will be destroyed if unequipped.
Missiles
 L - a throwing net
Armour
 y - a +1 cloak (worn)
 F - a +2 robe of cold resistance (worn)
 M - a +1 robe of willpower
 R - a +0 pair of gloves (worn)
Magical Staves
 u - a staff of cold
 C - a staff of air
 P - a staff of death
Jewellery
 c - an amulet of guardian spirit
 s - a +4 ring of protection (left hand)
 v - a ring of ice
 G - an amulet of magic regeneration (around neck)
 N - a +4 ring of protection (right hand)
Wands
 p - a wand of paralysis (2)
 A - a wand of flame (26)
 D - a wand of iceblast (14)
 I - a wand of mindburst (24)
Scrolls
 d - 3 scrolls of amnesia {unknown}
 e - a scroll of butterflies {unknown}
 i - a scroll of enchant weapon {unknown}
 j - 2 scrolls of acquirement {unknown}
 k - 4 scrolls of teleportation {unknown}
 l - 4 scrolls of vulnerability {unknown}
 n - 3 scrolls of blinking {unknown}
 o - 4 scrolls of magic mapping {unknown}
 w - 3 scrolls of poison {unknown}
 x - 3 scrolls of fear {unknown}
 E - a scroll of immolation {unknown}
 H - 3 scrolls of noise {unknown}
 O - 2 scrolls of enchant armour {unknown}
Potions
 a - a potion of haste {unknown}
 b - a potion of magic
 f - 3 potions of attraction
 g - 5 potions of curing
 h - a potion of cancellation
 m - a potion of heal wounds
 q - a potion of invisibility
 r - 2 potions of flight {unknown}
 t - a potion of berserk rage
 B - 4 potions of degeneration {unknown}
 J - 2 potions of ambrosia {unknown}
 K - 2 potions of mutation
 S - a potion of brilliance


   Skills:
 - Level 12.0 Fighting
 - Level 2.0 Dodging
 - Level 2.0 Stealth
 - Level 8.0 Spellcasting
 - Level 10.0 Conjurations
 + Level 9.4 Translocations
 - Level 5.0 Evocations


You had 6 spell levels left.
You knew the following spells:

 Your Spells              Type           Power      Damage    Failure   Level
a - Magic Dart            Conj           100%       1d8       1%          1
b - Searing Ray           Conj           100%       2d8       1%          2
c - Fulminant Prism       Conj/Hex       17%        3d11      2%          4
d - Iskenderun's Mystic   Conj/Tloc      55%        2d12      1%          4
e - Dispersal             Tloc           27%        N/A       19%         6
f - Passage of Golubria   Tloc           54%        N/A       1%          4

Your spell library contained the following spells:

 Spells                   Type           Power      Damage    Failure   Level
 Sticky Flame             Conj/Fire      35%        2d5       2%          4
 Dazzling Flash           Conj/Hex       70%        N/A       1%          3
 Gell's Gravitas          Tloc           54%        N/A       1%          3
 Teleport Other           Tloc           54%        N/A       1%          3
 Beastly Appendage        Tmut           20%        N/A       6%          1
 Slow                     Hex            40%        N/A       6%          1
 Lightning Bolt           Conj/Air       17%        1d32      6%          5
 Ensorcelled Hibernation  Hex/Ice        20%        N/A       9%          2
 Wereblood                Tmut           10%        N/A       9%          2
 Airstrike                Air            5%         2d(1-17)  16%         4
 Confusing Touch          Hex            10%        N/A       19%         3
 Spider Form              Tmut/Pois      10%        N/A       19%         3
 Vampiric Draining        Necr           10%        2d6       19%         3
 Yara's Violent Unravell  Hex/Tmut       5%         3d4       38%         5
 Anguish                  Hex/Necr       5%         N/A       52%         4
 Summon Lightning Spire   Summ/Air       10%        N/A       52%         4
 Silence                  Hex/Air        5%         N/A       86%         5
 Enfeeble                 Hex            5%         N/A       100%        7
 Lehudib's Crystal Spear  Conj/Erth      17%        10d5      100%        8


Dungeon Overview and Level Annotations

Branches:
Dungeon (9/15)             Temple (1/1) D:6            Lair (2/5) D:9
 Shoals (0/4) Lair:2
  Snake: Lair:2-3    Spider: Lair:2-3       Orc: D:9-12

Altars:
Ashenzari
Fedhas
Hepliaklqana
Nemelex Xobeh
Qazlal
Ru
Sif Muna
Trog
Vehumet
Wu Jian
Yredelemnul

Shops:
D:2 [   D:3 *   D:9 *


Innate Abilities, Weirdness & Mutations

You have a pair of small antennae on your head.
You are surrounded by a moderate repulsion field. (EV +3)
A weak demonic guardian rushes to your aid.
You regenerate magic rapidly.


Message History

The five-headed hydra bites you but does no damage. x2
The five-headed hydra bites you! The yak gores you but does no damage.
The yak gores you!
The cane toad stings you but does no damage.
The five-headed hydra bites you but does no damage. x2
The five-headed hydra bites you. x2
The five-headed hydra barely misses you.
The cane toad stings you.
The yak gores you but does no damage. x2
The five-headed hydra bites you!
* * * LOW HITPOINT WARNING * * *
The five-headed hydra bites you.
* * * LOW HITPOINT WARNING * * *
The five-headed hydra bites you but does no damage.
The five-headed hydra bites you!
* * * LOW HITPOINT WARNING * * *
The five-headed hydra bites you but does no damage.
The cane toad stings you.
* * * LOW HITPOINT WARNING * * *
The yak gores you!
* * * LOW HITPOINT WARNING * * *
A demonic guardian appears!
The yak gores you but does no damage. The cane toad stings you!
* * * LOW HITPOINT WARNING * * *
The five-headed hydra bites you!
* * * LOW HITPOINT WARNING * * *
The five-headed hydra bites you!
* * * LOW HITPOINT WARNING * * *
The five-headed hydra bites you.
The five-headed hydra bites you but does no damage. x2
The yak gores you but does no damage. x2; Your white imp hits the cane toad.
Your white imp freezes the cane toad.
You turn to flesh and can move again.
Casting: Dispersal (dangerous; 19% risk of failure)
Confirm with . or Enter, or press ? or * to list all spells.
Casting: Dispersal (dangerous; 19% risk of failure)
Press: ? - help, Dir - look around, f - activate You miscast Dispersal.
Nothing appears to happen.
The cane toad stings you but does no damage.
The five-headed hydra bites you!
You die...

........................#
............#......P.......
............#.##...........
.##..........##.##...###.....
.....P..........#....#...#..#..##
............##...##..............
............##..P####.....#....Y.
[............<...####........#.##
................@Y..........#####
...............YDF5....^..Y..# #
...............†......#####.## ..
.....#................# ### ##.
..........#..#...#P.### ##
..........###...Y#### #
..........###....###
.....#.............#
..................##


You could see a five-headed hydra, 3 yaks, a cane toad (ally target) and a
friendly white imp (summoned).

Vanquished Creatures
  Harold (D:9)
  A two-headed ogre (D:9)
  Amaemon (D:9)
  A black mamba (Lair:1)
  An orange demon (D:9)
  3 cane toads (Lair:1)
  2 rime drakes (Lair:2)
  Psyche (D:9)
  3 komodo dragons
  A kobold demonologist (D:7)
  2 trolls
  Grinder (D:5)
  2 hornets
  4 blink frogs
  A wyvern (D:7)
  A shadow (D:9)
  26 yaks
  A vampire mosquito (D:7)
  3 basilisks
  2 steam dragons
  2 acid dragons
  9 water moccasins
  3 orc warriors
  A sky beast (D:7)
  2 black bears (Lair:1)
  5 ice beasts
  An ogre (D:5)
  A centaur (D:8)
  11 wolves
  2 phantoms
  A kobold brigand (D:7)
  A gnoll sergeant (D:9)
  11 bullfrogs
  4 scorpions
  A necrophage (D:6)
  9 wights
  12 killer bees
  An electric eel (D:6)
  9 howler monkeys
  3 hounds
  2 jellies
  4 orc priests
  A gnoll bouda (D:5)
  Jessica (D:2)
  4 iguanas
  11 orc wizards
  9 gnolls
  2 river rats (Lair:2)
  12 adders
  4 white imps
  3 ufetubi
  3 worms
  A dart slug (D:3)
  27 orcs
  5 endoplasms
  3 giant cockroaches
  10 goblins
  4 hobgoblins
  10 jackals
  A quokka (D:1)
  12 ball pythons
  3 bats
  3 frilled lizards
  10 kobolds
  A rat (D:3)
293 creatures vanquished.

Vanquished Creatures (collateral kills)
  A cane toad (Lair:2)
  A water moccasin (Lair:2)
  2 wolves (Lair:2)
  A river rat (Lair:2)
  A goblin (D:2)
6 creatures vanquished.

Vanquished Creatures (others)
  123 fulminant prisms
  19 fungi
  42 plants
184 creatures vanquished.

Grand Total: 483 creatures vanquished

Notes
Turn   | Place    | Note
-------+----------+-------------------------------------------
     0 | D:1      | wormed the Demonspawn Conjurer began the quest for the Orb.
     0 | D:1      | Reached XP level 1. HP: 13/13 MP: 3/3
   384 | D:1      | Gained mutation: A weak demonic guardian rushes to your
                  | aid. [demonic ancestry]
   384 | D:1      | Reached XP level 2. HP: 19/19 MP: 3/5
   480 | D:1      | Found a faded altar of an unknown god.
   874 | D:1      | Gained mutation: You are surrounded by a mild repulsion
                  | field. (EV +2) [demonic ancestry]
   874 | D:1      | Reached XP level 3. HP: 21/24 MP: 1/6
   944 | D:1      | Learned a level 2 spell: Searing Ray
  1795 | D:2      | Gained mutation: You regenerate magic rapidly. [demonic
                  | ancestry]
  1795 | D:2      | Reached XP level 4. HP: 21/30 MP: 0/8
  2283 | D:2      | Found Olamnoss's Antique Armour Shoppe.
  2339 | D:2      | Noticed Jessica
  2343 | D:2      | Killed Jessica
  2344 | D:2      | Reached skill level 5 in Conjurations
  2383 | D:2      | You fall into a shaft and drop 2 floors!
  2396 | D:4      | Reached XP level 5. HP: 35/35 MP: 5/10
  2461 | D:3      | Found Lomonita's Assorted Antiques.
  3704 | D:3      | Reached XP level 6. HP: 41/41 MP: 8/12
  3937 | D:3      | Learned a level 4 spell: Fulminant Prism
  3942 | D:3      | Learned a level 4 spell: Iskenderun's Mystic Blast
  4539 | D:5      | Entered Level 5 of the Dungeon
  4985 | D:5      | Reached skill level 5 in Spellcasting
  5232 | D:5      | Gained mutation: You have a pair of small antennae on your
                  | head. [demonic ancestry]
  5232 | D:5      | Reached XP level 7. HP: 33/46 MP: 7/14
  6250 | D:5      | Noticed Grinder
  6266 | D:5      | Paralysed by Grinder for 4 turns
  6615 | D:5      | Paralysed by Grinder for 4 turns
  6625 | D:5      | Killed Grinder
  6626 | D:5      | Reached XP level 8. HP: 52/52 MP: 5/17
  6756 | D:6      | Noticed a hornet
  7727 | D:6      | Killed a hornet
  8323 | D:6      | Found a staircase to the Ecumenical Temple.
  8459 | D:6      | Reached XP level 9. HP: 53/57 MP: 5/20
  9037 | Temple   | Entered the Ecumenical Temple
  9184 | Temple   | Became a worshipper of Vehumet
  9376 | D:7      | Noticed a troll
  9800 | D:6      | Reached skill level 10 in Conjurations
  9829 | D:7      | Reached skill level 1 in Evocations
 10038 | D:7      | Noticed a kobold demonologist
 10756 | D:7      | Reached skill level 5 in Evocations
 10756 | D:7      | Reached skill level 1 in Fighting
 10766 | D:7      | Noticed a sun demon
 10769 | D:7      | Killed a kobold demonologist
 10770 | D:7      | Reached skill level 3 in Fighting
 10791 | D:7      | Reached skill level 4 in Fighting
 10855 | D:7      | Reached skill level 5 in Fighting
 10855 | D:7      | Reached XP level 10. HP: 60/74 MP: 10/22
 11364 | D:7      | Reached * piety under Vehumet
 11364 | D:7      | Offered knowledge of Freeze by Vehumet.
 11998 | D:8      | Reached skill level 6 in Fighting
 12739 | D:8      | Reached skill level 7 in Fighting
 12852 | D:8      | Found a sacrificial altar of Ru.
 13503 | D:9      | Found Tosubboz's Assorted Antiques.
 13506 | D:9      | Bought a tourmaline ring for 165 gold pieces
 13506 | D:9      | Bought a scroll labelled PUQAOFE TALUKHA for 33 gold pieces
 13559 | D:9      | Reached skill level 8 in Fighting
 13682 | D:9      | Noticed a two-headed ogre
 13711 | D:9      | Killed a two-headed ogre
 13712 | D:9      | Reached skill level 9 in Fighting
 13756 | D:9      | Offered knowledge of Static Discharge by Vehumet.
 13941 | D:9      | Reached ** piety under Vehumet
 13949 | D:9      | Noticed Psyche
 14009 | D:9      | Killed Psyche
 14168 | D:9      | Reached skill level 10 in Fighting
 14183 | D:9      | Found a staircase to the Lair.
 14351 | D:9      | Noticed an orange demon
 14352 | D:9      | Noticed Amaemon
 14898 | D:9      | Identified the +10 falchion "Syebbah" {elec, Fragile rElec
                  | MP+9}
 14987 | D:9      | Reached XP level 11. HP: 89/92 MP: 23/23
 15117 | D:9      | Noticed Harold
 15126 | D:9      | Paralysed by Harold for 4 turns
 15139 | D:9      | Paralysed by Harold for 5 turns
 15147 | D:9      | Killed Harold
 15148 | D:9      | Reached skill level 11 in Fighting
 15516 | D:9      | Killed Amaemon
 15710 | Lair:1   | Entered Level 1 of the Lair of Beasts
 15722 | Lair:1   | Learned a level 6 spell: Dispersal
 16077 | Lair:1   | Reached skill level 12 in Fighting
 16621 | D:9      | Reached skill level 1 in Translocations
 17935 | Lair:1   | Offered knowledge of Inner Flame by Vehumet.
 17941 | Lair:1   | Learned a level 4 spell: Passage of Golubria
 18240 | Lair:1   | Reached skill level 5 in Translocations
 19757 | Lair:2   | Gained mutation: You are surrounded by a moderate repulsion
                  | field. (EV +3) [demonic ancestry]
 19757 | Lair:2   | Reached XP level 12. HP: 102/102 MP: 24/24
 19759 | Lair:2   | Reached *** piety under Vehumet
 19976 | Lair:2   | Offered knowledge of Sticky Flame by Vehumet.
 20239 | Lair:2   | Found a staircase to the Shoals.
 20408 | Lair:2   | Noticed a five-headed hydra
 20449 | Lair:2   | HP: 2/102 [five-headed hydra (5)]
 20450 | Lair:2   | Mangled by a five-headed hydra

Illustrated notes

Levels and vault maps discovered:
D:1:      lemuel_arrival_room, layout_loops_ring, ebering_ecumenical_altar_rust
D:2:      layout_loops_ring, serial_shops, shop, kennysheep_nondescript,
          minmay_snake_closets, uniq_robin, uniq_jessica
D:3:      layout_basic, serial_shops, nicolae_shop_overgrown_old_shop,
          chequers_hall_statues_y, wad_floor_pattern_untrapped
D:4:      layout_basic, minmay_quadrilaterals
D:5:      layout_cave_pools, uniq_grinder
D:6:      layout_cave_pools, minmay_temple_entry_sparse_star, serial_bayou,
          serial_bayou_pond_c, serial_bayou_lagoon_a, serial_bayou_pond_e,
          serial_bayou_pond_d
D:7:      layout_basic, minmay_manual_mess
D:8:      layout_loops_ring, mainiacjoe_overflow_small_starburst
D:9:      layout_basic, lair_entry_dummy, serial_shops, nicolae_stop_n_shop_1,
          minmay_diced_spiral, uniq_psyche, uniq_harold, uniq_amaemon
Temple:   roderic_octagonal_lattice_temple
Lair:1:   layout_small_grid, beast_lair_carwin_9, grunt_megastairs_4
Lair:2:   layout_gridlike, shoals_dummy_entry, pond

Skill      XL: |  1  2  3  4  5  6  7  8  9 10 11 12 |
---------------+-------------------------------------+-----
Dodging        | 2 |  2.0
Stealth        | 2 |  2.0
Spellcasting   | 3 4 5 6 7 8 |  8.0
Conjurations   | 5 6 7 9 10 | 10.0
Evocations     | 5 |  5.0
Fighting       | 5 10 12 | 12.0
Translocations | 7 9 |  9.4

Action                   |  1- 3 |  4- 6 |  7- 9 | 10-12 || total
-------------------------+-------+-------+-------+-------++-------
Melee: Unarmed           |     5 |     4 |       |       ||     9
       Short sword       |       |       |     1 |     3 ||     4
 Cast: Magic Dart        |    39 |     3 |     3 |     1 ||    46
       Searing Ray       |    14 |    57 |    79 |   130 ||   280
       Fulminant Prism   |       |       |    19 |   104 ||   123
       Iskenderun's Myst |       |       |     8 |    32 ||    40
       Dispersal         |       |       |       |     5 ||     5
       Passage of Golubr |       |       |       |     1 ||     1
  Use: Potion            |       |     1 |       |     3 ||     4
       Scroll            |       |       |     5 |     2 ||     7
Armor: Robe              |     3 |     7 |    54 |   119 ||   183
       Skin              |       |       |       |     3 ||     3
Dodge: Dodged            |    15 |    37 |   121 |   170 ||   343
